 Dungeon Crawl Stone Soup version 0.29.1-2-gbd0b4ee654 (webtiles) character file.

Game seed: 16176926100493594440

196 unlimited1921 the Magician (level 6, -5/36 HPs)
             Began as a Djinni Fire Elementalist on Nov 14, 2022.
             Killed by divine providence
             ... invoked by an orc priest
              (13 damage)
             ... on level 4 of the Dungeon.
             The game lasted 00:12:36 (5174 turns).

unlimited1921 the Magician (DjFE)                   Turns: 5174, Time: 00:12:36

Health: -5/36      AC:  4    Str:  7    XL:     6   Next: 4%
Gold:   139        EV: 10    Int: 19    God:
                   SH:  8    Dex: 13

rFire   + + +      SeeInvis .   q - +8 short sword "Lewnot" {vorpal, rF+}
rCold   x . .      Faith    .   c - +1 kite shield "Apobuets" {Slay+6}
rNeg    . . .      Spirit   .   a - +0 robe
rPois   ∞          Reflect  .   e - +0 helmet
rElec   .          Harm     .   (no cloak)
rCorr   .          Rampage  .   j - +0 pair of gloves
Will    .....                   (boots unavailable)
Stlth   ++........              (no amulet)
HPRegen 0.12/turn               o - ring of protection from fire
MPRegen 0.00/turn               (no ring)

@: flying, unable to read
A: sickness immunity, fire resistance 3, cold vulnerability 1, float, innate
caster, HP casting, extra vitality 1, frail 1, inability to read after injury 1
a: no special abilities


You were on level 4 of the Dungeon.
You visited 1 branch of the dungeon, and saw 4 of its levels.

You collected 179 gold pieces.
You spent 40 gold pieces at shops.

Inventory:

Hand Weapons
 m - a +0 hand axe of distortion
 q - the +8 short sword "Lewnot" (weapon) {vorpal, rF+}
   (You found it on level 3 of the Dungeon)

   It inflicts extra damage upon your enemies.
   rF:        It protects you from fire.
Armour
 a - a +0 robe (worn)
 c - the +1 kite shield "Apobuets" (worn) {Slay+6}
   (You acquired it on level 2 of the Dungeon)

   Slay:      It affects your accuracy & damage with ranged weapons and melee
   (+6).
 e - a +0 helmet (worn)
 f - a +0 ring mail
 j - a +0 pair of gloves (worn)
 l - a +0 leather armour
Jewellery
 o - a ring of protection from fire (left hand)
 t - a +4 ring of slaying
Scrolls
 b - 3 scrolls of fear
 g - 2 scrolls of brand weapon {unknown}
 h - a scroll of teleportation {unknown}
 k - a scroll of noise {unknown}
 r - a scroll of amnesia {unknown}
 s - 2 scrolls of poison {unknown}
Potions
 d - a potion of cancellation
 i - 2 potions of flight {unknown}
 n - a potion of might {unknown}
 p - a potion of berserk rage


   Skills:
 + Level 0.4 Fighting
 + Level 0.1 Short Blades
 - Level 0.4 Axes
 + Level 2.7 Dodging
 + Level 2.4 Stealth
 * Level 0.3 Shields
 * Level 4.2 Spellcasting


You couldn't memorise any spells.
You knew the following spells:

 Your Spells              Type           Power      Damage    Failure   Level
a - Foxfire               Conj/Fire      76%        2x1d7     9%          1
b - Scorch                Fire           38%        2d6       13%         2
c - Conjure Flame         Conj/Fire      19%        6-21      26%         3
d - Inner Flame           Hex/Fire       19%        N/A       26%         3
e - Flame Wave            Conj/Fire      19%        2d7       63%         4
f - Shock                 Conj/Air       76%        1d7       9%          1
g - Searing Ray           Conj           38%        2d5       13%         2
Your spell library was empty.

Dungeon Overview and Level Annotations

Branches:
Dungeon (4/15)
 Temple: D:4-7

Altars:

Shops:
D:3 *   D:4 *


Innate Abilities, Weirdness & Mutations

You are immune to sickness and miasma.
You are immune to poison.
Your flesh is almost immune to the effects of heat. (rF+++)
You are vulnerable to cold. (rC-)
You float through the air rather than walking.
You learn spells naturally, not from books.
Your magical power is your life essence.
You have superior vitality. (+4 MHP)
You are frail. (-10% HP)
You occasionally lose the ability to read scrolls when taking damage.


Message History

An orc priest comes into view. It is wielding a +1 dagger of venom.
You block the hound's attack.
The orc priest moves out of view.
The orc priest shouts!
You hit the hound.
The hound is moderately wounded.
You block the hound's attack. x2
The endoplasm freezes you.
You are frozen.
You feel a terrible chill! The orc closely misses you.
You puncture the hound!
You kill the hound!
You block the endoplasm's attack.
The orc priest looks satisfied for a moment.
The orc hits you from afar with a +0 trident.
You have reached level 6!
You puncture the endoplasm!
You kill the endoplasm!
The orc priest mumbles some strange prayers to Beogh against you.
Beogh smites you!
The orc hits you from afar with a +0 trident.
You feel threatened and lose the ability to read scrolls!
You are too injured to fight recklessly!
You are too injured to fight recklessly!
You block the orc's attack.
Casting: Inner Flame (quite dangerous; 26% risk of failure)
Confirm with . or Enter, or press ? or * to list all spells.
Okay, then.
The orc wizard casts a spell at you. You resist with some effort.
The orc hits you from afar with a +0 trident.
* * * LOW HITPOINT WARNING * * *
You can read scrolls again.
The orc priest barely misses you.
You see here a +0 robe.
The orc priest attacks as you move away!
The orc priest hits you with a +0 whip.
* * * LOW HITPOINT WARNING * * *
The orc priest mumbles some strange prayers to Beogh against you.
Beogh smites you!
You feel threatened and lose the ability to read scrolls!
You die...

#...#.#...# ##.##.#
..∩...)...# ####..#
. #...#...# #....##
#. .#.#....####
#.#### #.
.).......oo####.#
#.
#####..###[.#...#
#####.## ##.o..##
......#
###oo.#############
......#
###.@...........#
......#
#...#########.###
......#
###.............###
......#
###########.#....
.....)### #....#.
.....)..##
######....
......#..###
##......###
########...###
#..###### #
###...##########.##


You could see 2 orc priests, an orc wizard and 2 orcs.

Vanquished Creatures
  2 hounds (D:4)
  Terence (D:3)
  5 adders
  2 dart slugs
  6 orcs
  8 endoplasms
  2 giant cockroaches
  6 goblins
  5 hobgoblins
  3 kobolds
  4 quokkas
  4 ball pythons
  3 bats
  2 frilled lizards
  2 rats
55 creatures vanquished.

Vanquished Creatures (others)
  125 foxfires
125 creatures vanquished.

Grand Total: 180 creatures vanquished

Notes
Turn   | Place    | Note
-------+----------+-------------------------------------------
     0 | D:1      | unlimited1921 the Djinni Fire Elementalist began the quest
                  | for the Orb.
     0 | D:1      | unlimited1921 set off with the following spells memorised:
                  | Foxfire, Scorch, Conjure Flame, Inner Flame, Flame Wave.
     0 | D:1      | Reached XP level 1. HP: 15/15 MP: 0/0
   690 | D:1      | Reached XP level 2. HP: 18/21 MP: 0/0
  2322 | D:2      | Reached skill level 3 in Spellcasting
  2322 | D:2      | Reached XP level 3. HP: 22/25 MP: 0/0
  2322 | D:2      | Learned a level 1 spell: Shock
  3851 | D:2      | Reached XP level 4. HP: 29/31 MP: 0/0
  3956 | D:2      | Identified a scroll of acquirement
  3966 | D:3      | Found Nam Giag's General Store.
  3972 | D:3      | Bought a scroll of fear for 40 gold pieces
  4095 | D:3      | Noticed Terence
  4111 | D:3      | Killed Terence
  4358 | D:3      | Identified the +8 short sword "Lewnot" {vorpal, rF+}
  4364 | D:3      | Gained mutation: You are frail. (-10% HP) [mutagenic glow]
  4380 | D:3      | Gained mutation: You occasionally lose the ability to read
                  | scrolls when taking damage. [mutagenic glow]
  4407 | D:3      | Gained mutation: Your flesh is almost immune to the effects
                  | of heat. (rF+++) [mutagenic glow]
  4646 | D:3      | Reached XP level 5. HP: 27/31 MP: 0/0
  4646 | D:3      | Learned a level 2 spell: Searing Ray
  4992 | D:4      | Reached skill level 4 in Spellcasting
  5028 | D:4      | Acquired the +1 kite shield "Apobuets" {Slay+6}
  5101 | D:4      | Noticed an ogre
  5151 | D:4      | Found Nok Peezaest's Overcharged Wands.
  5160 | D:4      | Reached XP level 6. HP: 29/36 MP: 0/0
  5174 | D:4      | Killed from afar by an orc priest

Illustrated notes

Levels and vault maps discovered:
D:1:      eino_arrival_cavern_a, layout_basic, serial_bayou_pond_c
D:2:      layout_basic, minmay_tromino_mix6
D:3:      layout_rooms, serial_shops, nicolae_square_shop, uniq_terence
D:4:      layout_rooms, nicolae_shop_overcharged_wands, uniq_ijyb

Skill      XL: |  1  2  3  4  5 |
---------------+----------------+-----
Spellcasting   | 3 4 |  4.2
Stealth        | 2 |  2.4
Fighting       | |  0.4
Short Blades   | |  0.1
Axes           | |  0.4
Dodging        | |  2.7
Shields        | |  0.3

Action                   |  1- 3 |  4- 6 || total
-------------------------+-------+-------++-------
Melee: Hand axe          |    14 |     1 ||    15
       Short sword       |       |    25 ||    25
 Cast: Foxfire           |    66 |    12 ||    78
       Scorch            |     6 |       ||     6
       Shock             |       |     4 ||     4
       Inner Flame       |       |     3 ||     3
  Use: Scroll            |       |     5 ||     5
 Stab: Sleeping          |       |     3 ||     3
Armor: Robe              |     2 |     8 ||    10
Dodge: Dodged            |     9 |    12 ||    21
Block: Kite shield       |       |     7 ||     7
